 Dungeon Crawl Stone Soup version 0.31-a0-977-gc230f8ef24 (webtiles) character file.

Game seed: 12137119559633435112

170 Spaninq the Gusty (level 5, 0/38 HPs)
             Began as a Draconian Air Elementalist on Oct 29, 2023.
             Slain by Grinder (5 damage)
             ... on level 3 of the Dungeon.
             The game lasted 00:09:12 (2587 turns).

Spaninq the Gusty (Draconian Air Elementalist)      Turns: 2587, Time: 00:09:13

Health: 0/38       AC:  7    Str: 10    XL:     5   Next: 25%
Magic:  5/9        EV: 12    Int: 17    God:
Gold:   123        SH:  0    Dex: 12    Spells: 6/9 levels left

rFire   . . .        k - +4 quarterstaff (chaos)
rCold   . . .        (shield currently unavailable)
rNeg    . . .        (body armour unavailable)
rPois   .            (helmet restricted)
rElec   .            l - +0 cloak
rCorr   .            h - +0 pair of gloves
SInv    .            (no boots)
Will    .....        (no amulet)
Stlth   ++           (no ring)
HPRegen 0.26/turn    (no ring)
MPRegen 0.11/turn

%: no passive effects
@: no status effects
A: AC +5, unfitting armour, cold-blooded
a: no special abilities


You were on level 3 of the Dungeon.
You visited 1 branch of the dungeon, and saw 3 of its levels.

You collected 123 gold pieces.

Inventory:

Hand Weapons
 k - a +4 quarterstaff of chaos (weapon)
Armour
 h - a +0 pair of gloves (worn)
 l - a +0 cloak (worn)
Scrolls
 b - a scroll of immolation {unknown}
 c - 2 scrolls of revelation {unknown}
 d - a scroll of poison {unknown}
 e - 4 scrolls of noise {unknown}
 f - a scroll of enchant weapon {unknown}
 g - a scroll of identify {unknown}
 i - a scroll of blinking {unknown}
 j - a scroll of fog {unknown}
 m - a scroll of teleportation {unknown}
Potions
 a - a potion of magic
 n - a potion of mutation {unknown}


   Skills:
 - Level 1.7 Dodging
 - Level 1.7 Stealth
 + Level 2.8 Spellcasting
 * Level 3.3 Conjurations
 * Level 4.4 Air Magic


You had 6 spell levels left.
You knew the following spells:

 Your Spells              Type           Power      Damage    Failure   Level
a - Shock                 Conj/Air       60%        1d6       3%          1
b - Static Discharge      Conj/Air       30%        3-5/arc   5%          2

Your spell library contained the following spells:

 Spells                   Type           Power      Damage    Failure   Level
 Swiftness                Air            17%        N/A       9%          3
 Sandblast                Erth           4%         2d4       19%         1
 Passwall                 Tmut/Erth      1%         N/A       26%         2
 Stone Arrow              Conj/Erth      16%        3d8       26%         3
 Airstrike                Air            8%         2d(2-18)  28%         4
 Brom's Barrelling Bould  Conj/Erth      8%         2d3       65%         4


Dungeon Overview and Level Annotations

Branches:
Dungeon (3/15)

Altars:
Elyvilon
Gozag
Kikubaaqudgha
Ru
Sif Muna
The Shining One

Annotations:
D:3 Grinder


Innate Abilities, Weirdness & Mutations

Your plain brown scales are hard. (AC +5)
You cannot fit into any form of body armour.
You are cold-blooded and may be slowed by cold attacks.


Message History

Found a club.
A kobold comes into view. It is wielding a +0 dagger.
The endoplasm quivers.
You hit the endoplasm. You burn the endoplasm.
The endoplasm is severely wounded.
The endoplasm freezes you.
You are frozen.
The endoplasm hits you.
You hit the endoplasm but do no damage.
Space warps horribly around the endoplasm!
You kill the endoplasm!
The kobold shouts!
You barely miss the kobold. The kobold hits you but does no damage.
You sock the kobold!
You kill the kobold!
You see here a +0 dagger.
Grinder comes into view.
Grinder shouts!
Grinder gestures at you. Pain shoots through your body!
Unknown command.
You see here 9 gold pieces.
Casting: Static Discharge (safe; 5% risk of failure)
Confirm with . or Enter, or press ? or * to list all spells.
Grinder is struck by an arc of lightning.
Grinder is lightly wounded.
You are struck by an arc of lightning.
Grinder is struck by an arc of lightning.
Grinder is lightly wounded.
The lightning grounds out.
Grinder hits you.
You writhe in agony.
Casting: Static Discharge (safe; 5% risk of failure)
Confirm with . or Enter, or press ? or * to list all spells.
Grinder is struck by an arc of lightning.
Grinder is moderately wounded.
You are struck by an arc of lightning.
* * * LOW HITPOINT WARNING * * *
The lightning grounds out.
Grinder hits you.
* * * LOW HITPOINT WARNING * * *
You writhe in agony.
You die...
Grinder says, "Now the real fun starts!"

.....................#
#.#.......
###.......####.......#
#.#......) #.#######
#.......# #.#)......
#.# #.......#
#.#....... #.#
###########.#.######
#.# #####...........#
#.# #...............#
#.#
#...............######
...
#...5@$...............
#..............#######
#.....#######.##
#.....# #........
#.....# #.#######
####### #.# #.# #.#
#.#


You could see Grinder.

Vanquished Creatures
  Crazy Yiuf (D:2)
  Natasha (thrice) (D:2)
  An adder (D:3)
  4 dart slugs
  5 bats
  3 endoplasms
  4 giant cockroaches
  6 goblins
  A hobgoblin (D:1)
  3 jackals (D:2)
  2 quokkas
  3 frilled lizards (D:2)
  8 kobolds
  11 rats
55 creatures vanquished.

Notes
Turn   | Place    | Note
-------+----------+-------------------------------------------
     0 | D:1      | Spaninq the Draconian Air Elementalist began the quest for
                  | the Orb.
     0 | D:1      | Reached XP level 1. HP: 14/14 MP: 3/3
   226 | D:1      | Reached XP level 2. HP: 20/20 MP: 0/5
   455 | D:1      | Learned a level 2 spell: Static Discharge
   942 | D:2      | Reached XP level 3. HP: 26/26 MP: 0/6
  1615 | D:2      | Found a runed translucent door.
  1616 | D:2      | Noticed Crazy Yiuf
  1624 | D:2      | Killed Crazy Yiuf
  1625 | D:2      | Reached XP level 4. HP: 19/33 MP: 1/7
  1751 | D:2      | Noticed Natasha
  1866 | D:2      | Killed Natasha
  1867 | D:2      | Reached skill level 4 in Air Magic
  2015 | D:2      | Noticed Natasha
  2022 | D:2      | Killed Natasha
  2201 | D:2      | Noticed Natasha
  2208 | D:2      | Killed Natasha
  2209 | D:2      | Reached XP level 5. HP: 27/38 MP: 4/9
  2467 | D:3      | Found a white marble altar of Elyvilon.
  2503 | D:3      | Found a sacrificial altar of Ru.
  2503 | D:3      | Found an opulent altar of Gozag.
  2505 | D:3      | Found an ancient bone altar of Kikubaaqudgha.
  2506 | D:3      | Found a shimmering blue altar of Sif Muna.
  2506 | D:3      | Found a glowing golden altar of the Shining One.
  2582 | D:3      | Noticed Grinder
  2587 | D:3      | Slain by Grinder

Illustrated notes

Levels and vault maps discovered:
D:1:      ldierk_walled_garden_2, layout_rooms
D:2:      layout_loops_ring, minmay_puff, uniq_crazy_yiuf_cottage, uniq_natasha
D:3:      minmay_chambers_of_threes, layout_basic, grunt_temple_overflow_open,
          nicolae_ecumenical_snake_handling, minmay_misc_feat_hallway,
          uniq_sigmund, uniq_grinder

Skill      XL: |  1  2  3  4 |
---------------+-------------+-----
Conjurations   | 2 3 |  3.3
Air Magic      | 4 |  4.4
Dodging        | |  1.7
Stealth        | |  1.7
Spellcasting   | |  2.8

Action                     |  1- 3 |  4- 6 || total
---------------------------+-------+-------++-------
  Melee: Quarterstaff      |       |    37 ||    37
         Tailslap          |       |     2 ||     2
   Cast: Shock             |    64 |    13 ||    77
         Static Discharge  |       |     6 ||     6
   Stab: Sleeping          |       |     1 ||     1
 Armour: Skin              |    11 |    30 ||    41
  Dodge: Dodged            |    10 |    24 ||    34

Table legend: (Time is in decaauts)
 A = Elapsed time spent in this place.
 B = Non-inter-level travel time spent in this place.
 C = Inter-level travel time spent in this place.
 D = Time resting spent in this place.
 E = Time spent auto-exploring this place.
 F = Levels seen in this place.
 G = Mean time per level.
                   A        B        C        D        E       F      G
               +--------+--------+--------+--------+--------+-----+--------+
         Total |   2612 |   2514 |     98 |    129 |   1880 |   3 |  870.7 |
       Dungeon |   2612 |   2514 |     98 |    129 |   1880 |   3 |  870.7 |
               +--------+--------+--------+--------+--------+-----+--------+

Top non-repeatable levels by time:
     D:2: 1479 daAuts
     D:1: 825 daAuts
     D:3: 306 daAuts
